 Dungeon Crawl Stone Soup version 0.21-a0-404-g291f19a (webtiles) character file.

37 Smithy the Cudgeler (level 3, 0/34 HPs)
             Began as a Minotaur Berserker on Oct 27, 2017.
             Was a Follower of Trog.
             Slain by a gnoll
             ... wielding a +0 spear
              (1 damage)
             ... on level 2 of the Dungeon.
             The game lasted 00:18:26 (1611 turns).

Smithy the Cudgeler (Minotaur Berserker)            Turns: 1611, Time: 00:18:27

Health: 0/34       AC:  4    Str: 22    XL:     3   Next: 21%
Magic:  2/2        EV: 12    Int:  6    God:    Trog [*.....]
Gold:   133        SH:  0    Dex:  9    Spells: 2/2 levels left

rFire    . . .     SeeInvis .   a - +0 mace
rCold    . . .     Gourm    .   (no shield)
rNeg     . . .     Faith    .   b - +0 animal skin
rPois    +         Spirit   .   (helmet restricted)
rElec    .         Reflect  .   (no cloak)
rCorr    .         Harm     .   (no gloves)
MR       .....                  j - +1 pair of boots {Fly}
Stlth    +.........             (no amulet)
HPRegen  0.11/turn              (no ring)
MPRegen  0.08/turn              (no ring)

@: berserk cooldown, slowed, very slow
A: retaliatory headbutt, horns 2, clever 1, poison resistance
a: Berserk, Burn Spellbooks, Renounce Religion, Evoke Flight


You were on level 2 of the Dungeon.
You worshipped Trog.
Trog was aware of your devotion.
You were very hungry.

You visited 1 branch of the dungeon, and saw 2 of its levels.

You collected 133 gold pieces.

Inventory:

Hand Weapons
 a - a +0 mace (weapon)
Armour
 b - a +0 animal skin (worn)
 j - a +1 pair of boots of flying (worn)
Jewellery
 g - a +2 ring of dexterity {unknown}
Scrolls
 k - 4 scrolls of identify {unknown}
 l - a scroll of teleportation {unknown}
Potions
 d - a potion of agility {unknown}
 e - a potion of resistance {unknown}
 f - a potion of flight {unknown}
 h - a potion of lignification {unknown}
Comestibles
 c - 5 bread rations
 i - a meat ration


   Skills:
 + Level 4.3 Fighting
 + Level 4.4 Maces & Flails
 + Level 2.5 Armour
 + Level 2.4 Dodging
 + Level 0.1 Stealth


You had 2 spell levels left.
You didn't know any spells.

Dungeon Overview and Level Annotations

Branches:
Dungeon (2/15)

Altars:


Innate Abilities, Weirdness & Mutations

You reflexively headbutt those who attack you in melee.
You have a pair of horns on your head.
Your mind is acute. (Int +2)
Your system is resistant to poisons. (rPois)


Message History

You are too injured to fight recklessly!
You are too injured to fight recklessly!
You feel a strong urge to attack something.
You feel your anger nearly subside.
You are no longer berserk.
You are exhausted.
You feel yourself slow down. The gnoll hits you.
* * * LOW HITPOINT WARNING * * *
You are feeling very hungry.
The gnoll barely misses you.
The gnoll hits you from afar with a spear.
* * * LOW HITPOINT WARNING * * *
It was a potion of berserk rage.
You're still recovering from your berserk rage.
The gnoll barely misses you. The gnoll hits you but does no damage.
It was a potion of mutation.
You feel extremely strange.
You feel clever.
You feel resistant to poisons.
The gnoll hits you from afar with a spear.
You die...

#.# ######.# #.#
##......#####
#########.###...#####...#
#......##.##.###....#...#
#......##.#.## ##.#......
######.##...# #........
#.....#.## ##.#......
.8###.##.##.###.##.#...#
..##...@...#...##......#
..>#..##g#.######...####
...##..#.g#.# #...#
..8#####g##.# #...# 8##
## #.##.# #...#
#.##.##.#### #...#
#........... .....
#..#.#............
#..#.##...........


You could see 2 gnolls.

Vanquished Creatures
  A gnoll (D:2)
  A worm (D:2)
  A leopard gecko (D:1)
  2 bats (D:1)
  7 goblins (D:1)
  2 hobgoblins (D:1)
  A frilled lizard (D:1)
  3 kobolds (D:1)
  5 rats
23 creatures vanquished.

Notes
Turn   | Place    | Note
-------+----------+-------------------------------------------
     0 | D:1      | Smithy the Minotaur Berserker began the quest for the Orb.
     0 | D:1      | Reached XP level 1. HP: 19/19 MP: 0/0
   352 | D:1      | Reached XP level 2. HP: 20/27 MP: 1/1
  1597 | D:2      | Reached XP level 3. HP: 21/34 MP: 2/2
  1609 | D:2      | HP: 1/34 [gnoll/spear (1)]
  1611 | D:2      | Gained mutation: Your mind is acute. (Int +2) [potion of mutation]
  1611 | D:2      | Gained mutation: Your system is resistant to poisons. (rPois) [potion of mutation]
  1611 | D:2      | Slain by a gnoll

Vault maps used:
D:1:      dpeg_arrival_simpleton_b
D:2:      nicolae_overflow_hidden_temple, minitemple, lemuel_round_altar,
          first_bread, minmay_misc_feat_alley

Skill      XL: |  1  2 |
---------------+-------+-----
Fighting       | 4 |  4.3
Maces & Flails | 4 |  4.4
Armour         | |  2.5
Dodging        | |  2.4
Stealth        | |  0.1

Action                   || total
-------------------------++-------
Melee: Mace              ||    55
       Headbutt          ||     9
Invok: Berserk           ||     1
 Abil: Stop Flying       ||     1
  Use: Potion            ||     2
 Stab: Sleeping          ||     1
  Eat: Chunk             ||     2
Armor: Animal skin       ||    12
Dodge: Dodged            ||    37

Table legend:
 A = Spawn XP
 B = Non-spawn XP
 C = Spawn XP percentage of total XP
 D = Spawn monster count
 E = Non-spawn monster count
 F = Spawn count percentage of total count
 G = Total turns spent on level
                    A         B        C        D         E        F      G
               +---------+---------+-------+---------+---------+-------+---------
         Total |       0 |      53 |   0.0 |       0 |      23 |   0.0 |  1611
               +---------+---------+-------+---------+---------+-------+---------
           D:1 |       0 |      33 |   0.0 |       0 |      20 |   0.0 |  1341
           D:2 |       0 |      20 |   0.0 |       0 |       3 |   0.0 |   270
               +---------+---------+-------+---------+---------+-------+---------
